 Dungeon Crawl Stone Soup version 0.17.2 (webtiles) character file.

17311 Shtopit the Basher (level 12, -1/79 HPs)
             Began as a Gargoyle Berserker on May 8, 2016.
             Was the Champion of Trog.
             Slain by a sun demon (18 damage)
             ... summoned by an orc high priest
             ... on level 4 of the Orcish Mines.
             The game lasted 00:58:05 (15690 turns).

Shtopit the Basher (Gargoyle Berserker)            Turns: 15690, Time: 00:58:05

Health: -1/79      AC: 26    Str: 25    XL:     12   Next: 46%
Magic:  15/15      EV: 10    Int: 13    God:    Trog [******]
Gold:   1734       SH:  0    Dex:  9    Spells: 0 memorised, 11 levels left

rFire  . . .     SeeInvis +     s - +1 blowgun
rCold  . . .     Clarity  +     P - +0 plate armour
rNeg   + . .     SustAt   .     (no shield)
rPois  ∞         Gourm    .     (helmet restricted)
rElec  +         Spirit   .     n - +2 cloak
rCorr  .         Warding  .     (no gloves)
rMut   .         Stasis   .     (no boots)
MR     .....                    w - amulet of clarity
Stlth  ..........               a - ring of see invisible
                                p - +3 ring of slaying

@: slowed, very slow, not resistant to hostile enchantments, extremely
unstealthy
A: horns 1, talons 1, clever 2, negative energy resistance 1, electricity
resistance, unbreathing, petrification resistance, rot immunity, AC +8
a: Berserk, Trog's Hand, Brothers in Arms, Burn Spellbooks, Renounce Religion


You were on level 4 of the Orcish Mines.
You worshipped Trog.
Trog was exalted by your worship.
You were not hungry.

You visited 2 branches of the dungeon, and saw 13 of its levels.

You collected 1980 gold pieces.
You spent 246 gold pieces at shops.

Inventory:

Hand Weapons
 s - a +1 blowgun (weapon)
 A - a +0 whip of electrocution
 I - a +1 flail of protection
 N - the +7 morningstar of Jeir {holy, rC+ rN+ MR+}
   (Trog gifted it to you on level 9 of the Dungeon)

   It has been blessed by the Shining One to cause great damage to the undead
   and demons.
   It protects you from cold.
   It protects you from negative energy.
   It affects your resistance to hostile enchantments.
 T - the +1 morningstar of Deflation {crush, Dex+3}
   (Trog gifted it to you on level 2 of the Orcish Mines)

   It inflicts extra damage upon your enemies.
   It affects your dexterity (+3).
 W - a +6 antimagic great mace
 X - a +2 greatsling of flaming
Missiles
 r - 79 poisoned needles
 C - 5 steel javelins
 D - 55 bolts
 H - 9 curare-tipped needles (quivered)
 J - 7 needles of sleeping
Armour
 n - a +2 cloak (worn)
 E - a +1 chain mail
 P - a +0 plate armour (worn)
Jewellery
 a - a ring of see invisible (right hand)
 m - an uncursed amulet of faith
 p - a +3 ring of slaying (left hand)
 u - an uncursed ring of fire
 w - an amulet of clarity (around neck)
 B - an uncursed ring of fire
 G - an uncursed ring of sustain attributes
Wands
 b - a wand of slowing (20)
 e - a wand of digging (13)
 l - a wand of flame (15)
 y - a wand of draining (3)
 K - a wand of heal wounds (1)
 Q - a wand of cold (3)
 R - a wand of random effects (9)
 S - a wand of disintegration (24)
Scrolls
 g - 2 scrolls of remove curse
 k - 5 scrolls of teleportation
 F - 4 scrolls of enchant armour
Potions
 d - 2 potions of invisibility
 f - 2 potions of agility
 i - a potion of heal wounds
 j - 2 potions of mutation
 o - 4 potions of poison {unknown}
 q - 2 potions of resistance
 t - 3 potions of ambrosia {unknown}
 v - 2 potions of cure mutation {unknown}
 x - 2 potions of might {unknown}
 M - a potion of flight {unknown}
 O - 2 potions of lignification {unknown}
 U - 3 potions of curing {unknown}
Comestibles
 c - 7 bread rations
 h - 3 beef jerkies
 z - 2 meat rations
 L - 4 chunks of flesh
 V - a royal jelly
 Y - 22 fruits


   Skills:
 + Level 10.7 Fighting
 + Level 11.9 Maces & Flails
 + Level 0.1 Throwing
 + Level 10.0 Armour
 + Level 8.0 Dodging
 - Level 0.5 Stealth
 * Level 4.0 Evocations


You had 11 spell levels left.
You didn't know any spells.

Dungeon Overview and Level Annotations

Branches:
Dungeon (9/15)             Temple (0/1) D:5             Orc (4/4) D:9
    Elf (0/3) Orc:3
   Lair: D:8-11

Altars:
Ashenzari
Cheibriados
Fedhas
Makhleb
Nemelex Xobeh
Sif Muna
Xom
Yredelemnul

Shops:
D:7 =   D:9 [(   Orc:2 *   Orc:3 [   Orc:4 *

Annotations:
Orc:4 Saint Roka


Innate Abilities, Weirdness & Mutations

You are resistant to torment.
Your stone body is resilient (AC +8).
You are immune to poison.
You resist negative energy.
You are resistant to electric shocks.
You can survive without breathing.
You are immune to petrification.
You are immune to rotting.
You have a pair of small horns on your head.
You have sharp toenails.
Your mind is very acute. (Int +4)


Message History

* * * LOW HITPOINT WARNING * * *
Drink which item? (? for menu, Esc to quit)
You feel much better. The sun demon hits you!
* * * LOW HITPOINT WARNING * * *
You are engulfed in flames!
* * * LOW HITPOINT WARNING * * *
The orc knight barely misses you.
The orc wizard points at you and mumbles some strange words.
The magic dart hits you!
* * * LOW HITPOINT WARNING * * *
Read which item? (? for menu, Esc to quit)
Okay, then.
Zapping:
K - a wand of heal wounds (will waste charges)
Press: ? - help, Shift-Dir - straight line, f - you You feel much better.
Evoking this partially-identified wand wasted a few charges.
The sun demon hits you.
* * * LOW HITPOINT WARNING * * *
You are engulfed in flames!!
You die...

###....................
#.............o.......
##...........o....8...
##...........[[)#####
#...#..........[.#
##..#....#)#)....#
##......#.).)...##
##.#.#.###.o..3o.#
#..............@.# ##
##...............####.##
###.#.................#
##........[......#.#.
#.....[.............
##......[...........
###.##[............
#...........##....
##.##......## #.##


You could see Saint Roka, an orc knight, a sun demon and 2 orc wizards.

Vanquished Creatures
  An orc warlord (Orc:1)
  A stone giant (Orc:1)
  Erica (D:9)
  Urug (Orc:1)
  Sonja (Orc:1)
  Nergalle (Orc:3)
  5 orc sorcerers
  2 orc knights
  3 trolls
  A hippogriff (D:9)
  2 wargs
  Edmund (D:4)
  A water moccasin (D:7)
  Duvessa (D:6)
  A black bear (D:7)
  3 phantoms
  29 orc warriors
  An ice beast (D:7)
  9 ogres
  3 centaurs
  10 big kobolds
  A crocodile (D:9)
  A giant frog (D:9)
  3 scorpions
  Dowan (D:6)
  An electric eel (D:6)
  5 crimson imps
  A giant frog zombie (D:5)
  7 hounds
  3 iguanas (D:9)
  31 orc priests
  4 wights (D:6)
  A centaur zombie (D:7)
  A wasp zombie (D:8)
  A quasit (D:7)
  3 jellies
  24 orc wizards
  3 giant frog skeletons
  6 worker ants
  A hound zombie (D:5)
  A mummy (D:8)
  23 adders
  9 gnolls
  An ooze (D:1)
  4 adder zombies
  An adder skeleton (D:4)
  4 worms
  4 giant geckos
  146 orcs
  3 giant cockroaches
  11 goblins
  7 hobgoblins
  13 jackals
  2 quokkas
  A ball python (D:4)
  9 bats
  8 giant newts
  A jackal zombie (D:6)
  43 kobolds
  A quokka zombie (D:7)
  8 rats
476 creatures vanquished.

Vanquished Creatures (others)
  5 sheep (D:8)
  3 orcs
8 creatures vanquished.

Grand Total: 484 creatures vanquished

Notes
Turn   | Place    | Note
--------------------------------------------------------------
     0 | D:1      | Shtopit the Gargoyle Berserker began the quest for the Orb.
     0 | D:1      | Reached XP level 1. HP: 14/14 MP: 1/1
    85 | D:1      | Reached XP level 2. HP: 17/19 MP: 2/2
   337 | D:1      | Reached XP level 3. HP: 19/23 MP: 3/3
   572 | D:1      | Reached ** piety under Trog
  1298 | D:2      | Reached XP level 4. HP: 29/29 MP: 4/4
  1304 | D:2      | Reached skill level 4 in Fighting
  2202 | D:3      | Reached XP level 5. HP: 25/33 MP: 5/5
  2467 | D:3      | Found a faded altar to an unknown god.
  2513 | D:3      | Reached *** piety under Trog
  2955 | D:3      | Reached XP level 6. HP: 32/39 MP: 6/6
  3239 | D:3      | Found a deep blue altar of Sif Muna.
  3239 | D:3      | Found a basalt altar of Yredelemnul.
  3416 | D:3      | Received a gift from Trog
  3589 | D:3      | Found a burning altar of Makhleb.
  3827 | D:4      | Reached skill level 5 in Fighting
  3827 | D:4      | Reached XP level 7. HP: 41/44 MP: 7/7
  3832 | D:4      | Noticed Edmund
  3842 | D:4      | Killed Edmund
  4203 | D:4      | Reached skill level 5 in Maces & Flails
  4407 | D:5      | Entered Level 5 of the Dungeon
  4672 | D:5      | Reached XP level 8. HP: 48/50 MP: 8/8
  4948 | D:5      | Reached skill level 5 in Dodging
  5166 | D:5      | Reached skill level 6 in Fighting
  5551 | D:5      | Found a staircase to the Ecumenical Temple.
  5936 | D:6      | Found a snail-covered altar of Cheibriados.
  6389 | D:6      | Reached skill level 5 in Armour
  6403 | D:6      | Reached **** piety under Trog
  6966 | D:6      | Noticed Duvessa
  6966 | D:6      | Noticed Dowan
  6971 | D:6      | Killed Dowan
  6981 | D:6      | Killed Duvessa
  6981 | D:6      | Reached XP level 9. HP: 48/56 MP: 9/9
  7408 | D:6      | Reached ***** piety under Trog
  7437 | D:6      | Reached skill level 7 in Maces & Flails
  7882 | D:7      | Found a shattered altar of Ashenzari.
  7892 | D:7      | Found Durijyr's Jewellery Boutique.
  7957 | D:7      | Gained mutation: Your mind is acute. (Int +2) [potion of mutation]
  7957 | D:7      | Gained mutation: You have sharp toenails. [potion of mutation]
  7957 | D:7      | Gained mutation: You have a pair of small horns on your head. [potion of mutation]
  7959 | D:7      | Bought an uncursed ring of see invisible for 180 gold pieces
  8675 | D:8      | Reached XP level 10. HP: 63/63 MP: 10/10
  8736 | D:8      | Found a sand-covered staircase.
  8968 | D:8      | Reached skill level 8 in Maces & Flails
  9203 | D:8      | Found a shimmering altar of Xom.
  9533 | D:9      | Found Efeo's Weapon Shoppe.
  9534 | D:9      | Found a staircase to the Orcish Mines.
  9540 | D:9      | Found Lidappue's Armour Shoppe.
  9566 | D:9      | Noticed Erica
  9576 | D:9      | Killed Erica
  9576 | D:9      | Received a gift from Trog
  9585 | D:9      | Got a blackened morningstar {god gift}
  9586 | D:9      | Identified the +7 morningstar of Jeir {holy, rC+ rN+ MR+} (Trog gifted it to you on level 9 of the Dungeon)
  9660 | D:9      | Reached skill level 9 in Maces & Flails
  9969 | D:9      | Found a sparkling altar of Nemelex Xobeh.
 10134 | D:9      | Found a blossoming altar of Fedhas.
 10289 | Orc:1    | Entered Level 1 of the Orcish Mines
 10921 | Orc:1    | Noticed Urug
 10948 | Orc:1    | Killed Urug
 10948 | Orc:1    | Reached XP level 11. HP: 25/71 MP: 11/11
 11291 | Orc:1    | Reached skill level 10 in Maces & Flails
 11313 | Orc:1    | Noticed a stone giant
 11324 | Orc:1    | Killed a stone giant
 11773 | Orc:2    | Noticed Sonja
 11780 | Orc:2    | Noticed an orc warlord
 11788 | Orc:1    | Killed Sonja
 12145 | Orc:1    | Reached ****** piety under Trog
 12189 | Orc:1    | Killed an orc warlord
 12189 | Orc:1    | Reached skill level 1 in Evocations
 12468 | Orc:2    | Received a gift from Trog
 12473 | Orc:2    | Got a transparent morningstar {god gift}
 12474 | Orc:2    | Identified the +1 morningstar of Deflation {crush, Dex+3} (Trog gifted it to you on level 2 of the Orcish Mines)
 12768 | Orc:2    | Noticed an orc knight
 12779 | Orc:2    | Noticed an ice devil
 12783 | Orc:2    | Killed an orc knight
 12788 | Orc:2    | Reached skill level 10 in Fighting
 12788 | Orc:2    | Reached skill level 11 in Maces & Flails
 12812 | Orc:2    | Found Cuiciec's General Store.
 12923 | Orc:2    | Bought a scroll of teleportation for 33 gold pieces
 12923 | Orc:2    | Bought a scroll of teleportation for 33 gold pieces
 13317 | Orc:3    | Found Enogeghiph's Armour Shoppe.
 13371 | Orc:3    | Noticed Nergalle
 13383 | Orc:3    | Killed Nergalle
 13383 | Orc:3    | Reached XP level 12. HP: 71/77 MP: 14/14
 13547 | Orc:3    | Found a staircase to the Elven Halls.
 13551 | Orc:3    | Noticed an orc knight
 13595 | Orc:3    | Killed an orc knight
 14113 | Orc:3    | Received a gift from Trog
 14566 | Orc:4    | Entered Level 4 of the Orcish Mines
 14568 | Orc:4    | Found Tyeph's General Store.
 14938 | Orc:4    | Gained mutation: Your mind is very acute. (Int +4) [a neqoxec]
 15646 | Orc:4    | Received a gift from Trog
 15646 | Orc:4    | Reached skill level 10 in Armour
 15660 | Orc:4    | Noticed Saint Roka
 15661 | Orc:4    | Noticed an orc high priest
 15690 | Orc:4    | Slain by a sun demon

Action                   |  1- 3 |  4- 6 |  7- 9 | 10-12 || total
-------------------------+-------+-------+-------+-------++-------
Melee: Mace              |   120 |   234 |       |       ||   354
       Flail             |       |    35 |   480 |   106 ||   621
       Morningstar       |       |       |       |   476 ||   476
 Fire: Blowgun           |       |       |       |     3 ||     3
Throw: Javelin           |       |       |     1 |       ||     1
Invok: Berserk           |     3 |     3 |     5 |     6 ||    17
       Burn Spellbooks   |       |       |     2 |       ||     2
Evoke: Wand              |       |       |       |     1 ||     1
  Use: Scroll            |       |       |    10 |     4 ||    14
       Potion            |       |       |     4 |     2 ||     6
  Eat: Chunk             |     3 |    13 |    17 |    27 ||    60
       Pizza             |       |       |     2 |       ||     2
       Beef jerky        |       |       |     1 |       ||     1
       Fruit             |       |       |       |     2 ||     2
